 Dungeon Crawl Stone Soup version 0.30-a0-170-g85af917532 (webtiles) character file.

Game seed: 9379363786150497731

56835 Decritt the Fighter (level 15, -2/118 HPs)
             Began as a Djinni Conjurer on Oct 1, 2022.
             Was the Champion of Makhleb.
             Slain by a dire elephant (13 damage)
             ... while petrified by a catoblepas
             ... on level 5 of the Lair of Beasts.
             The game lasted 00:55:05 (21216 turns).

Decritt the Fighter (Djinni Conjurer)              Turns: 21216, Time: 00:55:06

Health: -2/118     AC: 10    Str:  6    XL:     15   Next: 23%
Gold:   947        EV:  2    Int: 27    God:    Makhleb [******] SH:  0 Dex: 12

rFire   + + +      SeeInvis .    p - staff of conjuration
rCold   x x .      Faith    .    o - +2 tower shield
rNeg    + + +      Spirit   .    H - +3 salamander hide armour {Flames rF++ rC--}
rPois   ∞          Reflect  .    M - +2 hat {Will+}
rElec   .          Harm     .    v - +0 cloak
rCorr   .          Rampage  .    (no gloves)
Will    ++...                    (boots unavailable)
Stlth   +.........               u - amulet of the acrobat
HPRegen 0.29/turn                L - +4 ring of evasion
MPRegen 0.00/turn                w - ring of ice

@: petrified, flying
A: sickness immunity, fire resistance 2, cold vulnerability 1, float, innate
caster, HP casting, extra vitality 1
a: Renounce Religion, Minor Destruction, Lesser Servant of Makhleb, Major
Destruction, Greater Servant of Makhleb


You were on level 5 of the Lair of Beasts.
You worshipped Makhleb.
Makhleb was exalted by your worship.
You visited 3 branches of the dungeon, and saw 17 of its levels.
You also visited: Ossuary, Gauntlet and Volcano.

You collected 1027 gold pieces.
You spent 80 gold pieces at shops.

Inventory:

Armour
 a - a +0 helmet of intelligence
 f - a +2 robe of willpower
 l - a +0 buckler
 o - a +2 tower shield (worn)
 t - a +2 robe of resistance
 v - a +0 cloak (worn)
 H - the +3 salamander hide armour (worn) {Flames rF++ rC--}
   (You found it on level 7 of the Dungeon)

   It surrounds you with a cloud of flames.
   It grants immunity to clouds of flame.
   It enhances your fire magic.
   rF:        It greatly protects you from fire.
   rC:        It makes you very vulnerable to cold.
 M - a +2 hat of willpower (worn)
Magical Staves
 p - a staff of conjuration (weapon)
Jewellery
 b - a ring of see invisible
 e - a ring of positive energy
 s - a ring of protection from fire
 u - an amulet of the acrobat (around neck)
 w - a ring of ice (right hand)
 I - an amulet of reflection
 L - a +4 ring of evasion (left hand)
 P - a ring of willpower
Wands
 n - a wand of charming (14)
 K - a wand of flame (26)
 O - a wand of iceblast (6)
 S - a wand of quicksilver (7)
Scrolls
 i - 2 scrolls of vulnerability
 j - 2 scrolls of magic mapping
 q - 3 scrolls of teleportation
 r - a scroll of fear
 x - 2 scrolls of immolation
 A - 2 scrolls of summoning {unknown}
 E - a scroll of enchant armour
 F - 2 scrolls of butterflies
 J - a scroll of poison
 N - a scroll of blinking
Potions
 c - 7 potions of heal wounds
 d - 3 potions of invisibility
 g - 3 potions of brilliance
 h - 2 potions of ambrosia
 k - 3 potions of haste
 m - 5 potions of cancellation
 y - 12 potions of curing
 z - 2 potions of lignification
 B - 2 potions of resistance
 D - 2 potions of mutation


   Skills:
 * Level 14.9 Fighting
 - Level 6.0 Armour
 + Level 10.8 Dodging
 - Level 1.5 Stealth
 + Level 9.6 Shields
 * Level 12.1 Spellcasting


You couldn't memorise any spells.
You knew the following spells:

 Your Spells              Type           Power      Damage    Failure   Level
a - Sticky Flame          Conj/Fire      100%       2d11      2%          4
b - Searing Ray           Conj           100%       2d8       1%          2
c - Fulminant Prism       Conj/Hex       44%        3d20      2%          4
d - Slow                  Hex            100%       N/A       1%          1
e - Call Imp              Summ           70%        N/A       1%          2
f - Dazzling Flash        Conj/Hex       100%       N/A       1%          3
g - Iskenderun's Mystic   Conj/Tloc      89%        2d17      2%          4
h - Magic Dart            Conj           100%       1d8       1%          1
i - Silence               Hex/Air        35%        N/A       6%          5
j - Lee's Rapid Deconstr  Erth           35%        3d19*     6%          5
k - Dispersal             Tloc           35%        N/A       34%         6
p - Passwall              Tmut/Erth      58%        N/A       1%          2
Your spell library was empty.

Dungeon Overview and Level Annotations

Branches:
Dungeon (11/15)            Temple (1/1) D:4            Lair (5/5) D:10
 Shoals (0/4) Lair:3        Snake (0/4) Lair:3        Slime (0/5) Lair:5
    Orc (0/2) D:9         Ossuary (visited)         Volcano (visited)
Gauntlet (visited)

Altars:
Ashenzari
Cheibriados
Dithmenos
Elyvilon
Fedhas
Gozag
Hepliaklqana
Makhleb
Nemelex Xobeh
Okawaru
Qazlal
Ru
Trog
Uskayaw
Wu Jian
Xom
Yredelemnul
Zin
The Shining One
Jiyva

Shops:
D:1 (   D:5 !   D:9 *

Annotations:
D:11 2 transporters, exclusion: oklob plant, MirrMurr's ghost, journeyman SpHu


Innate Abilities, Weirdness & Mutations

You are immune to sickness and miasma.
You are immune to poison.
Your flesh is very heat resistant. (rF++)
You are vulnerable to cold. (rC-)
You float through the air rather than walking.
You learn spells naturally, not from books.
Your magical power is your life essence.
You have superior vitality. (+4 MHP)


Message History

You are slowing down.
The catoblepas is engulfed in blazing flames.
The catoblepas completely misses you.
Found a minotaur skeleton.
The catoblepas is engulfed in blazing flames.
You kill the catoblepas!
Makhleb accepts your kill.
Your limbs are stiffening.
You have turned to stone.
The dire elephant is engulfed in blazing flames.
The dire elephant tramples you!!
You hold your ground!
The dire elephant trunk-slaps you but does no damage.
You hear a shout!
The dire elephant is engulfed in blazing flames.
The dire elephant tramples you!!
* * * LOW HITPOINT WARNING * * *
You are shoved backwards!
The dire elephant is engulfed in blazing flames.
The dire elephant tramples you!!
* * * LOW HITPOINT WARNING * * *
You are shoved backwards!
The dire elephant is engulfed in blazing flames.
The dire elephant tramples you!!
* * * LOW HITPOINT WARNING * * *
You are shoved backwards!
The dire elephant is engulfed in blazing flames.
The dire elephant tramples you!
* * * LOW HITPOINT WARNING * * *
You are shoved backwards!
The dire elephant tramples you!!
* * * LOW HITPOINT WARNING * * *
You hold your ground!
The dire elephant trunk-slaps you.
* * * LOW HITPOINT WARNING * * *
The dire elephant is engulfed in blazing flames.
The dire elephant completely misses you.
The dire elephant trunk-slaps you!
* * * LOW HITPOINT WARNING * * *
The dire elephant is engulfed in blazing flames.
The dire elephant tramples you!!
You die...

.....#....###...#...#
#..÷.##.8..#....#..P#
##....#........##..##
##...###......#..##
#P....###....#.##
##......##.°...##
##..P...##.°○..#
###......°○Y○☼#
########°○@## ###○#
###


You could see a dire elephant.

Vanquished Creatures
  Erica (Lair:1)
  A boulder beetle (Lair:2)
  A catoblepas (Lair:5)
  3 death yaks (Lair:5)
  Urug (Lair:1)
  Amaemon (Lair:1)
  2 skeletal warriors (Volcano)
  2 deep elf pyromancers (D:10)
  Pikel (D:5)
  A wolf spider (Lair:2)
  12 elephants
  5 black mambas
  Joseph (Lair:1)
  3 torpor snails
  14 cane toads
  7 rime drakes
  An orange demon (Lair:1)
  Maggie (D:6)
  3 gargoyles (Volcano)
  7 komodo dragons
  8 polar bears
  2 harpy skeletons (Volcano)
  20 blink frogs
  6 dream sheep (Lair:5)
  An alligator skeleton (Volcano)
  3 flying skulls (Volcano)
  7 wyverns
  A shadow (D:11)
  4 basilisks
  3 fire bats (Lair:2)
  80 yaks
  2 steam dragons
  Grum (Lair:1)
  2 vampire mosquitoes (D:11)
  7 nagas (Lair:3)
  15 water moccasins
  A swamp drake (D:10)
  2 black bears
  2 ogres
  9 orc warriors
  4 centaurs
  37 wolves
  A phantom (D:4)
  A lemure (D:5)
  A kobold brigand (D:10)
  13 bullfrogs
  A wyvern zombie (Ossuary)
  4 scorpions
  A water moccasin zombie (Ossuary)
  14 wights
  12 killer bees
  A troll skeleton (Volcano)
  A howler monkey (D:9)
  A crimson imp (D:10)
  2 centaur zombies (Ossuary)
  A lava snake (D:7)
  7 orc priests
  5 bullfrog zombies (Ossuary)
  2 hounds
  3 jellies
  An iron imp (D:10)
  3 iguanas
  15 orc wizards
  5 hell rats (Lair:4)
  2 killer bee zombies (Ossuary)
  A naga skeleton (Volcano)
  A howler monkey zombie (Ossuary)
  19 mummies
  Robin (D:2)
  4 gnolls (D:4)
  6 adders
  2 shadow imps
  A white imp (D:10)
  An ufetubus (D:6)
  4 worms
  2 dart slugs
  62 orcs
  5 endoplasms
  2 giant cockroaches
  24 goblins
  6 hobgoblins
  10 kobolds
  4 quokkas
  3 ball pythons
  4 bats
  A frilled lizard (D:1)
  6 rats
551 creatures vanquished.

Vanquished Creatures (collateral kills)
  Eustachio (D:3)
  A steam dragon (D:3)
  A black bear (D:4)
  2 jellies
  An orc wizard (D:5)
  A giant cockroach (D:4)
  A hobgoblin (D:3)
8 creatures vanquished.

Vanquished Creatures (others)
  A white imp (D:6)
  13 demonic plants (Gauntlet)
  19 fulminant prisms
  64 fungi
  116 plants
  5 withered plants (Ossuary)
218 creatures vanquished.

Grand Total: 777 creatures vanquished

Notes
Turn   | Place    | Note
-------+----------+-------------------------------------------
     0 | D:1      | Decritt the Djinni Conjurer began the quest for the Orb.
     0 | D:1      | Decritt set off with the following spells memorised: Magic
                  | Dart, Searing Ray, Dazzling Flash, Fulminant Prism,
                  | Iskenderun's Mystic Blast.
     0 | D:1      | Reached XP level 1. HP: 15/15 MP: 0/0
   174 | D:1      | Reached XP level 2. HP: 19/22 MP: 0/0
   180 | D:1      | Reached skill level 1 in Fighting
   787 | D:1      | Found Loyh Xeupn's Weapon Emporium.
  1182 | D:2      | Reached XP level 3. HP: 23/28 MP: 0/0
  1182 | D:2      | Learned a level 1 spell: Slow
  1359 | D:2      | Noticed Robin
  1367 | D:2      | Killed Robin
  1368 | D:2      | Reached skill level 2 in Fighting
  1633 | D:2      | Reached XP level 4. HP: 18/33 MP: 0/0
  3267 | D:3      | Reached XP level 5. HP: 36/40 MP: 0/0
  3267 | D:3      | Learned a level 2 spell: Call Imp
  3365 | D:3      | Reached skill level 3 in Fighting
  3570 | D:3      | Noticed a steam dragon
  3575 | D:3      | Killed a steam dragon
  3576 | D:3      | Reached skill level 4 in Fighting
  3576 | D:3      | Reached XP level 6. HP: 41/47 MP: 0/0
  3718 | D:3      | Found a blossoming altar of Fedhas.
  3847 | D:3      | Found a snail-covered altar of Cheibriados.
  4036 | D:4      | Noticed a black bear
  4052 | D:4      | Killed a black bear
  4053 | D:4      | Reached XP level 7. HP: 9/53 MP: 0/0
  4053 | D:4      | Learned a level 2 spell: Passwall
  4334 | D:4      | Reached skill level 5 in Spellcasting
  4999 | D:4      | Found a staircase to the Ecumenical Temple.
  5008 | Temple   | Entered the Ecumenical Temple
  5065 | D:4      | Noticed Eustachio
  5328 | D:3      | Killed Eustachio
  5329 | D:3      | Reached skill level 5 in Fighting
  5586 | D:4      | Reached XP level 8. HP: 40/60 MP: 0/0
  5720 | D:4      | Reached skill level 6 in Fighting
  6103 | D:5      | Entered Level 5 of the Dungeon
  6594 | D:5      | Reached skill level 1 in Shields
  6847 | D:5      | Found Niestreosk's Distillery.
  6850 | D:5      | Bought a potion of curing for 30 gold pieces
  6850 | D:5      | Bought a potion of heal wounds for 50 gold pieces
  6888 | D:5      | Noticed Pikel
  6904 | D:5      | Killed Pikel
  6905 | D:5      | Reached skill level 7 in Fighting
  6905 | D:5      | Reached XP level 9. HP: 31/68 MP: 0/0
  6905 | D:5      | Learned a level 4 spell: Sticky Flame
  7104 | D:5      | Found an opulent altar of Gozag.
  7817 | D:6      | Reached skill level 8 in Fighting
  8042 | D:6      | Reached XP level 10. HP: 73/76 MP: 0/0
  8367 | D:6      | Noticed Maggie
  8381 | D:6      | Killed Maggie
  8382 | D:6      | Reached skill level 5 in Dodging
  8780 | D:6      | Reached skill level 9 in Fighting
  9520 | D:7      | Found a sand-covered staircase.
  9612 | Ossuary  | Entered an ossuary
 10870 | D:7      | Found a burning altar of Makhleb.
 10880 | D:7      | Found an iron altar of Okawaru.
 10882 | D:7      | Became a worshipper of Makhleb the Destroyer
 10894 | D:7      | Found a broken altar of Ashenzari.
 10894 | D:7      | Found an ornate altar of the Wu Jian Council.
 10901 | D:7      | Found a shadowy altar of Dithmenos.
 11175 | D:7      | Found a hide-covered altar of Uskayaw.
 11398 | D:7      | Found the +3 salamander hide armour {Flames rF++ rC--}
 11569 | D:8      | Found a white marble altar of Elyvilon.
 11764 | D:8      | Reached skill level 1 in Armour
 11768 | D:8      | Reached XP level 11. HP: 73/85 MP: 0/0
 11768 | D:8      | Learned a level 5 spell: Silence
 11897 | D:8      | Found a shimmering altar of Xom.
 11908 | D:8      | Reached skill level 5 in Shields
 12430 | D:9      | Reached skill level 10 in Fighting
 12577 | D:9      | Reached * piety under Makhleb
 13086 | D:9      | Found a staircase to the Orcish Mines.
 13126 | D:9      | Found a bloodstained altar of Trog.
 13253 | D:9      | Found Hamean Ceargh's General Store.
 13355 | D:9      | Reached ** piety under Makhleb
 13449 | D:10     | Entered Level 10 of the Dungeon
 13895 | D:10     | Reached *** piety under Makhleb
 14169 | D:10     | Found a staircase to the Lair.
 14309 | D:10     | Noticed a deep elf pyromancer
 14311 | D:10     | Noticed a deep elf pyromancer
 14315 | D:10     | Killed a deep elf pyromancer
 14316 | D:10     | Reached XP level 12. HP: 73/93 MP: 0/0
 14318 | D:10     | Reached skill level 11 in Fighting
 14635 | D:11     | Found a transporter.
 14651 | D:11     | Found a transporter.
 14665 | D:11     | Noticed MirrMurr's ghost (journeyman SpHu)
 14665 | D:11     | Noticed a boulder beetle
 14915 | Lair:1   | Entered Level 1 of the Lair of Beasts
 14965 | Lair:1   | Noticed Erica
 14972 | Lair:1   | Found a gate leading to a gauntlet.
 14980 | Lair:1   | Killed Erica
 15002 | Gauntlet | Entered a Gauntlet
 15002 | Gauntlet | Found a transporter.
 15002 | Gauntlet | Found a transporter.
 15018 | Gauntlet | Noticed a catoblepas
 15019 | Gauntlet | Found a transporter.
 15025 | Gauntlet | Noticed a seven-headed hydra
 15029 | Gauntlet | Found a transporter.
 15036 | Gauntlet | Noticed a death yak
 15037 | Gauntlet | Noticed a death yak
 15038 | Gauntlet | Noticed a death yak
 15039 | Gauntlet | Found a transporter.
 15039 | Gauntlet | Found a transporter.
 15039 | Gauntlet | Noticed a death yak
 15039 | Gauntlet | Noticed a death yak
 15053 | Gauntlet | Found a transporter.
 15060 | Gauntlet | Found a transporter.
 15072 | Gauntlet | Found a transporter.
 15085 | Gauntlet | Found a transporter.
 15094 | Gauntlet | Found a transporter.
 15118 | Gauntlet | Found a transporter.
 15156 | Gauntlet | Found a transporter.
 15174 | Gauntlet | Found a transporter.
 15285 | Gauntlet | Found a transporter.
 15287 | Gauntlet | Noticed an entropy weaver
 15299 | Gauntlet | Found a transporter.
 15407 | Lair:1   | Noticed Amaemon
 15411 | Lair:1   | Killed Amaemon
 15532 | Lair:1   | Noticed Joseph
 15543 | Lair:1   | Killed Joseph
 15752 | Lair:1   | Noticed Grum
 15768 | Lair:1   | Killed Grum
 16125 | Lair:1   | Noticed Urug
 16134 | Lair:1   | Killed Urug
 16135 | Lair:1   | Reached skill level 5 in Armour
 16592 | Lair:2   | Reached skill level 12 in Fighting
 16596 | Lair:2   | Reached **** piety under Makhleb
 16633 | Lair:2   | Reached skill level 10 in Spellcasting
 16637 | Lair:2   | Reached XP level 13. HP: 99/101 MP: 0/0
 16637 | Lair:2   | Learned a level 5 spell: Lee's Rapid Deconstruction
 16886 | Lair:2   | Found a dark tunnel.
 16895 | Volcano  | Entered a volcano
 18062 | Lair:2   | Reached skill level 13 in Fighting
 18454 | Lair:3   | Found a staircase to the Shoals.
 18466 | Lair:3   | Reached ***** piety under Makhleb
 18591 | Lair:3   | You are sucked into a shaft and drop 1 floor!
 18642 | Lair:4   | Reached XP level 14. HP: 110/110 MP: 0/0
 18749 | Lair:3   | Found a staircase to the Snake Pit.
 19448 | Lair:4   | Reached skill level 10 in Dodging
 19517 | Lair:4   | Reached skill level 14 in Fighting
 20120 | Lair:5   | Entered Level 5 of the Lair of Beasts
 20307 | Lair:5   | Reached ****** piety under Makhleb
 20485 | Lair:5   | Reached XP level 15. HP: 35/118 MP: 0/0
 20485 | Lair:5   | Learned a level 6 spell: Dispersal
 20873 | Lair:5   | Found a viscous altar of Jiyva.
 20873 | Lair:5   | Found a staircase to the Slime Pits.
 21216 | Lair:5   | Slain by a dire elephant

Illustrated notes

Levels and vault maps discovered:
D:1:      minmay_arrival_open_corners, layout_basic, serial_shops,
          nicolae_shop_window_shopping
D:2:      layout_basic, uniq_robin
D:3:      layout_basic, mainiacjoe_overflow_surrounded_room, slow_altar_2
D:4:      layout_rooms, nicolae_kikubaaqudgha_miasma_corner,
          minmay_temple_entry_wispy, minmay_misc_feat_square, st_stairs_11,
          minmay_goblin_outpost, uniq_eustachio
D:5:      layout_basic, mainiacjoe_overflow_brackets, serial_shops,
          kennysheep_mini_moat, uniq_pikel
D:6:      layout_basic, amcnicky_mini_rare_corridor_liquid, uniq_maggie
D:7:      layout_rooms, nicolae_overflow_hallway_of_the_gods,
          nicolae_uskayaw_suspiria, enter_bailey_5, gup_ossuary_entry_pyramid
D:8:      layout_loops_cross, lemuel_coloured_pillars_altar,
          mainiacjoe_overflow_large_starburst, serial_rivers,
          chequers_serial_rivers_micro_e, chequers_serial_rivers_large_b,
          chequers_serial_rivers_room_b, chequers_serial_rivers_small_3,
          chequers_serial_rivers_small_b
D:9:      layout_basic, trog_butcher_becter, serial_shops, nicolae_square_shop
D:10:     layout_gridville, david_lair_shrubbed, hangedman_minor_magic
D:11:     layout_loops_ring, nzn_ghost_randoct, serial_bayou,
          serial_bayou_pond_d, serial_bayou_pond_b, serial_bayou_ford_a,
          serial_bayou_lake_a, serial_bayou_pond_a, st_stairs_1
Temple:   hellmonk_temple_of_storms
Lair:1:   layout_layer_cave, gauntlet_entry_generic, grunt_megastairs_5,
          uniq_urug, uniq_grum, uniq_joseph, uniq_amaemon, uniq_erica
Lair:2:   layout_cave_pods, nicolae_volcano_entry_batcave,
          nicolae_lair_run_with_the_wolves
Lair:3:   layout_regular_city, shoals_dummy_entry,
          minmay_snake_entry_guardpost_medium, grunt_megastairs_2
Lair:4:   layout_roguey
Lair:5:   grunt_lair_end_beastmaster, layout_hall_layers,
          dpeg_slime_entry_corner

Skill      XL: |  1  2  3  4  5  6  7  8  9 10 11 12 13 14 15 |
---------------+----------------------------------------------+-----
Fighting       | 1 2 4 5 7 8 9 10 12 13 14 | 14.9
Spellcasting   | 4 5 6 7 8 9 10 11 12 | 12.1
Shields        | 2 3 4 6 7 8 9 |  9.6
Dodging        | 3 4 6 7 8 9 10 | 10.8
Armour         | 1 3 5 6 |  6.0
Stealth        | |  1.5

Action                   |  1- 3 |  4- 6 |  7- 9 | 10-12 | 13-15 || total
-------------------------+-------+-------+-------+-------+-------++-------
Melee: Staff             |       |       |       |    30 |    22 ||    52
 Cast: Magic Dart        |    50 |    94 |   125 |   101 |     2 ||   372
       Searing Ray       |     4 |     4 |    41 |    50 |    26 ||   125
       Slow              |     2 |     5 |    13 |     2 |       ||    22
       Call Imp          |       |     3 |     7 |     1 |       ||    11
       Fulminant Prism   |       |       |       |    19 |       ||    19
       Sticky Flame      |       |       |       |    24 |     3 ||    27
  Use: Scroll            |       |     3 |    13 |    13 |     3 ||    32
       Potion            |       |       |       |       |     2 ||     2
Armor: Robe              |     1 |     5 |    23 |    16 |       ||    45
       Leather armour    |       |       |       |    25 |    44 ||    69
Dodge: Dodged            |     4 |     8 |    62 |   231 |   350 ||   655
Block: Buckler           |       |       |     5 |    66 |       ||    71
       Tower shield      |       |       |       |    15 |   424 ||   439

Table legend: (Time is in decaauts)
 A = Elapsed time spent in this place.
 B = Non-inter-level travel time spent in this place.
 C = Inter-level travel time spent in this place.
 D = Time resting spent in this place.
 E = Time spent auto-exploring this place.
 F = Levels seen in this place.
 G = Mean time per level.
                   A        B        C        D        E       F      G
               +--------+--------+--------+--------+--------+-----+--------+
         Total |  21248 |  20790 |    458 |   5268 |  11490 |  20 | 1062.4 |
       Dungeon |  13646 |  13349 |    297 |   3860 |   7669 |  11 | 1240.5 |
        Temple |     54 |     47 |      7 |      0 |     29 |   1 |   54.0 |
          Lair |   5139 |   4986 |    153 |    485 |   3055 |   5 | 1027.8 |
       Ossuary |   1221 |   1221 |      0 |    740 |    252 |   1 | 1221.0 |
       Volcano |    798 |    798 |      0 |    183 |    217 |   1 |  798.0 |
      Gauntlet |    387 |    387 |      0 |      0 |    268 |   1 |  387.0 |
               +--------+--------+--------+--------+--------+-----+--------+

Top non-repeatable levels by time:
     D:6: 1849 daAuts
     D:2: 1725 daAuts
     D:3: 1616 daAuts
     D:1: 1406 daAuts
     D:5: 1402 daAuts
    D:10: 1347 daAuts
     D:4: 1305 daAuts
  Lair:1: 1279 daAuts
 Ossuary: 1221 daAuts
  Lair:5: 1108 daAuts
  Lair:2: 1072 daAuts
     D:9: 1024 daAuts
     D:8: 933 daAuts
     D:7: 915 daAuts
  Lair:3: 864 daAuts
